 Dungeon Crawl Stone Soup version 0.31-a0-1036-g31867e143a (webtiles) character file.

Game seed: 12663955045550346808

219 Azuregosa the Magician (level 6, 0/40 HPs)
             Began as a Djinni Ice Elementalist on Nov 19, 2023.
             Slain by an orc
             ... wielding a +0 morningstar
              (9 damage)
             ... on level 4 of the Dungeon.
             The game lasted 00:19:07 (2471 turns).

Azuregosa the Magician (Djinni Ice Elementalist)    Turns: 2471, Time: 00:19:07

Health: 0/40       AC:  3    Str:  7    XL:     6   Next: 18%
Gold:   188        EV: 13    Int: 18    God:
                   SH:  0    Dex: 20

rFire   + + .        r - +1 whip (elec)
rCold   x . .        (no shield)
rNeg    . . .        a - +0 robe
rPois   ∞            s - +0 helmet
rElec   .            (no cloak)
rCorr   .            (no gloves)
SInv    .            (boots unavailable)
Will    .....        (no amulet)
Stlth   ++           t - +6 ring of dexterity
HPRegen 0.26/turn    (no ring)
MPRegen 0.00/turn

%: infuse magic (-1 HP)
@: flying
A: sickness immunity, fire resistance 2, cold vulnerability 1, float, innate
caster, HP casting, extra vitality 1
a: no special abilities


You were on level 4 of the Dungeon.
You visited 1 branch of the dungeon, and saw 6 of its levels.

You collected 188 gold pieces.

Inventory:

Hand Weapons
 e - a +0 dagger
 g - a +0 short sword
 r - a +1 whip of electrocution (weapon)
Missiles
 l - a throwing net
 p - 27 stones
Armour
 a - a +0 robe (worn)
 s - a +0 helmet (worn)
Jewellery
 t - a +6 ring of dexterity (left hand)
Talismans
 b - a beast talisman
Scrolls
 c - a scroll of enchant armour {unknown}
 h - 2 scrolls of identify
 i - 3 scrolls of blinking
 j - 2 scrolls of revelation {unknown}
 m - 2 scrolls of teleportation {unknown}
Potions
 d - a potion of mutation {unknown}
 f - a potion of cancellation {unknown}
 k - 2 potions of degeneration {unknown}
 n - a potion of heal wounds {unknown}
 o - a potion of attraction {unknown}
 q - a potion of curing {unknown}


   Skills:
 - Level 2.1 Dodging
 - Level 1.5 Stealth
 + Level 5.4 Spellcasting
 + Level 5.4 Conjurations
 + Level 5.4 Hexes
   Level 0.0 Charms
 + Level 5.4 Summonings
 + Level 5.4 Necromancy
 + Level 5.4 Translocations
 + Level 5.4 Transmutations
 + Level 5.4 Fire Magic
 + Level 5.4 Ice Magic
 + Level 5.4 Air Magic
 + Level 5.4 Earth Magic
 + Level 5.4 Poison Magic


You knew the following spells:

 Your Spells              Type           Power      Damage    Failure   Level
a - Freeze                Ice            96%        1d10      1%          1
b - Frozen Ramparts       Ice            48%        1d8       4%          3
c - Ozocubu's Armour      Ice            24%        N/A       4%          3
d - Summon Ice Beast      Ice/Summ       24%        N/A       14%         4
e - Summon Small Mammal   Summ           96%        N/A       1%          1
f - Lesser Beckoning      Tloc           48%        N/A       1%          2
Your spell library was empty.

Dungeon Overview and Level Annotations

Branches:
Dungeon (6/15)
 Temple: D:4-7

Altars:

Shops:
D:1 (


Innate Abilities, Weirdness & Mutations

You are immune to sickness and miasma.
You are immune to poison.
Your flesh is very heat resistant. (rF++)
You are vulnerable to cold. (rC-)
You float through the air rather than walking.
You learn spells naturally, not from books.
Your magical power is your life essence.
You have superior vitality. (+4 MHP)


Message History

The orc hits you but does no damage.
Casting: Freeze (safe; 1% risk of failure)
Confirm with . or Enter, or press ? or * to list all spells.
Aiming: Freeze (safe; 1% risk of failure)
Press: ? - help, Shift-Dir - straight line, f/p - orc
Aim: an orc, wielding a +0 club and wearing a +0 ring mail (severely wounded, ally target)
You freeze the orc.
The orc is almost dead.
* * * LOW HITPOINT WARNING * * *
Your ice beast hits the orc.
The orc dies!
You start resting.
Your ice beast disappears in a puff of smoke!
A water moccasin comes into view.
A mysterious force pulls you upwards. The hatch slams shut behind you.
The orc shouts! x3; You hear a shout! x4
Found 16 gold pieces and a cloak.
Found a stone staircase leading up.
The orc shouts!
The jelly misses you.
There is a stone staircase leading up here.
The jelly misses you.
You fly upwards.
The kobold shouts!
The hound barks!
There is a stone staircase leading down here.
Found 7 stones.
Casting: Freeze (safe; 1% risk of failure)
Confirm with . or Enter, or press ? or * to list all spells.
Aiming: Freeze (safe; 1% risk of failure)
Press: ? - help, Shift-Dir - straight line, f - orc
Aim: an orc, wielding a +0 morningstar and wearing a +0 scale mail You freeze the orc.
The orc is lightly wounded.
* * * LOW HITPOINT WARNING * * *
The orc hits you with a +0 morningstar.
* * * LOW HITPOINT WARNING * * *
As you read the scroll labelled DULEPS QERCHAWI, it crumbles to dust.
It is a scroll of identify.
i - 3 scrolls of blinking The orc hits you with a +0 morningstar!
You die...

#...#....
...#...
...(..
..... #...
# #.. ..#
##.# #...
#.@##..#
+.....##oK#
###.. #J.#
... .##..
... #. .#.#
.. .. . # .
.h. .. ...
.# .... .#


You could see a jelly, an orc and a kobold.

Vanquished Creatures
  An orc priest (D:3)
  Robin (D:2)
  2 adders (D:3)
  A worm (D:3)
  A dart slug (D:1)
  3 orcs (D:3)
  5 ball pythons
  3 endoplasms
  A giant cockroach (D:3)
  18 goblins
  4 hobgoblins
  A quokka (D:2)
  4 bats
  2 frilled lizards
  6 kobolds
  4 rats
57 creatures vanquished.

Vanquished Creatures (collateral kills)
  A scorpion (D:6)
  An orc wizard (D:6)
  3 orcs (D:6)
5 creatures vanquished.

Grand Total: 62 creatures vanquished

Notes
Turn   | Place    | Note
-------+----------+-------------------------------------------
     0 | D:1      | Azuregosa the Djinni Ice Elementalist began the quest for
                  | the Orb.
     0 | D:1      | Azuregosa set off with the following spells memorised:
                  | Freeze, Frozen Ramparts, Ozocubu's Armour, Summon Ice
                  | Beast.
     0 | D:1      | Reached XP level 1. HP: 15/15 MP: 0/0
   111 | D:1      | Found Noahueji's Weapon Emporium.
   200 | D:1      | Reached XP level 2. HP: 21/21 MP: 0/0
   671 | D:1      | Reached XP level 3. HP: 25/25 MP: 0/0
   671 | D:1      | Learned a level 1 spell: Summon Small Mammal
  1040 | D:2      | Noticed Robin
  1160 | D:2      | Killed Robin
  1161 | D:2      | Reached XP level 4. HP: 25/31 MP: 0/0
  2039 | D:3      | Reached XP level 5. HP: 20/35 MP: 0/0
  2039 | D:3      | Learned a level 2 spell: Lesser Beckoning
  2399 | D:4      | You are sucked into a shaft and drop 2 floors!
  2420 | D:6      | HP: 1/35 [scorpion (5)]
  2422 | D:6      | Reached skill level 5 in Spellcasting
  2422 | D:6      | Reached skill level 5 in Conjurations
  2422 | D:6      | Reached skill level 5 in Hexes
  2422 | D:6      | Reached skill level 5 in Summonings
  2422 | D:6      | Reached skill level 5 in Necromancy
  2422 | D:6      | Reached skill level 5 in Translocations
  2422 | D:6      | Reached skill level 5 in Transmutations
  2422 | D:6      | Reached skill level 5 in Fire Magic
  2422 | D:6      | Reached skill level 5 in Ice Magic
  2422 | D:6      | Reached skill level 5 in Air Magic
  2422 | D:6      | Reached skill level 5 in Earth Magic
  2422 | D:6      | Reached skill level 5 in Poison Magic
  2422 | D:6      | Reached XP level 6. HP: 2/40 MP: 0/0
  2463 | D:6      | Noticed a water moccasin
  2465 | D:5      | Entered Level 5 of the Dungeon
  2471 | D:4      | Slain by an orc

Illustrated notes

Levels and vault maps discovered:
D:1:      zelgadis_glass_arrival_small, layout_loops_ring, serial_shops,
          nicolae_shop_bloodbath_and_beyond
D:2:      layout_rooms, uniq_robin
D:3:      layout_loops_corners
D:4:      kennysheep_spiral_hall, layout_basic, nicolae_tso_besieged_by_evil,
          st_stairs_7
D:5:      lemuel_castle_with_subvaults [lemuel_castle_interior_original],
          layout_cave_pools, lemuel_tele_altar, brannock_xom_greatest_gift,
          nicolae_overflow_hidden_temple
D:6:      layout_layer_cave, fedhas_ov_isle_minmay,
          nicolae_overflow_crystal_walls, uniq_eustachio

Skill      XL: |  1  2  3  4  5 |
---------------+----------------+-----
Spellcasting   | 4 5 |  5.4
Conjurations   | 4 5 |  5.4
Hexes          | 4 5 |  5.4
Summonings     | 4 5 |  5.4
Necromancy     | 4 5 |  5.4
Translocations | 4 5 |  5.4
Transmutations | 4 5 |  5.4
Fire Magic     | 4 5 |  5.4
Ice Magic      | 4 5 |  5.4
Air Magic      | 4 5 |  5.4
Earth Magic    | 4 5 |  5.4
Poison Magic   | 4 5 |  5.4
Dodging        | |  2.1
Stealth        | |  1.5

Action                     |  1- 3 |  4- 6 || total
---------------------------+-------+-------++-------
  Melee: Unarmed           |     4 |       ||     4
  Throw: Stone             |     5 |       ||     5
   Cast: Freeze            |    47 |    43 ||    90
         Ozocubu's Armour  |     2 |       ||     2
         Frozen Ramparts   |     2 |       ||     2
         Summon Ice Beast  |       |     1 ||     1
    Use: Scroll            |       |     1 ||     1
 Armour: Robe              |    19 |    19 ||    38
  Dodge: Dodged            |    30 |    22 ||    52

Table legend: (Time is in decaauts)
 A = Elapsed time spent in this place.
 B = Non-inter-level travel time spent in this place.
 C = Inter-level travel time spent in this place.
 D = Time resting spent in this place.
 E = Time spent auto-exploring this place.
 F = Levels seen in this place.
 G = Mean time per level.
                   A        B        C        D        E       F      G
               +--------+--------+--------+--------+--------+-----+--------+
         Total |   2468 |   2426 |     42 |    339 |   1615 |   6 |  411.3 |
       Dungeon |   2468 |   2426 |     42 |    339 |   1615 |   6 |  411.3 |
               +--------+--------+--------+--------+--------+-----+--------+

Top non-repeatable levels by time:
     D:3: 1052 daAuts
     D:1: 789 daAuts
     D:2: 541 daAuts
     D:6: 65 daAuts
     D:4: 16 daAuts
     D:5: 2 daAuts
